 Dungeon Crawl Stone Soup version 0.22-a0-480-g991dd4b (webtiles) character file.

2152 xravenx the Geomancer (level 9, -2/41 HPs)
             Began as a Gargoyle Earth Elementalist on June 16, 2018.
             Was an Initiate of Hepliaklqana.
             Slain by herbganker's ghost (10 damage)
             ... on level 6 of the Dungeon.
             The game lasted 01:00:46 (7649 turns).

xravenx the Geomancer (Gargoyle Earth Elementalist) Turns: 7649, Time: 01:00:47

Health: -2/41      AC: 14    Str: 13    XL:     9   Next: 31%
Magic:  2/16       EV: 10    Int: 18    God:    Hepliaklqana [......]
Gold:   326        SH:  0    Dex: 10    Spells: 3/18 levels left

rFire    . . .     SeeInvis .   q - +1 short sword (venom)
rCold    . . .     Gourm    .   (no shield)
rNeg     + . .     Faith    .   f - +0 ring mail
rPois    ∞         Spirit   .   k - +1 helmet
rElec    +         Reflect  .   u - scarf {cloud immunity}
rCorr    .         Harm     .   n - +0 pair of gloves
MR       .....                  (no boots)
Stlth    +.........             (no amulet)
HPRegen  0.13/turn              (no ring)
MPRegen  0.15/turn              (no ring)

@: no status effects
A: reduced essence, negative energy resistance 1, electricity resistance,
unbreathing, petrification resistance, rot immunity, AC +6
a: Recall Ancestor, Ancestor Identity, Renounce Religion


You were on level 6 of the Dungeon.
You worshipped Hepliaklqana.
Hepliaklqana was noncommittal.
You were very hungry.

You visited 1 branch of the dungeon, and saw 6 of its levels.

You collected 326 gold pieces.

Inventory:

Hand Weapons
 q - a +1 short sword of venom (weapon)
 w - a cursed +0 spear
 z - a +2 whip of electrocution
Missiles
 b - 223 stones
 i - 3 tomahawks (quivered)
Armour
 f - a +0 ring mail (worn)
 k - a +1 helmet (worn)
 n - a +0 pair of gloves (worn)
 t - a +0 cloak
 u - a scarf of cloud immunity (worn)
Magical Staves
 x - an uncursed staff of wizardry
Wands
 e - a wand of random effects (26)
 v - a wand of clouds (3)
 y - a wand of paralysis (6)
Scrolls
 a - a scroll of magic mapping
 g - 4 scrolls of remove curse
 m - 2 scrolls of fear
 o - 2 scrolls of immolation
 p - a scroll of identify
 r - 3 scrolls of amnesia
Potions
 c - 2 potions of mutation
 h - 2 potions of haste
 j - a potion of flight {unknown}
 l - a potion of might {unknown}
 s - a potion of curing {unknown}
Comestibles
 d - 7 rations


   Skills:
 + Level 0.5 Fighting
 + Level 0.4 Armour
 - Level 1.5 Dodging
 - Level 2.1 Stealth
 - Level 5.1 Spellcasting
 - Level 0.7 Transmutations
 - Level 12.8 Earth Magic
 * Level 0.6 Evocations


You had 3 spell levels left.
You knew the following spells:

 Your Spells              Type           Power        Failure   Level  Hunger
a - Sandblast             Erth           ######       1%          1    None
b - Passwall              Tmut/Erth      ####....     2%          2    #......
c - Stone Arrow           Conj/Erth      ####..       6%          3    ##.....
d - Lee's Rapid Deconstr  Erth           ######....   3%          5    ######.
e - Petrify               Tmut/Erth      ####....     17%         4    ####...

Your spell library contained the following spells:

 Spells                   Type           Power        Failure   Level  Hunger


Dungeon Overview and Level Annotations

Branches:
Dungeon (6/15)
 Temple: D:4-7

Altars:
Elyvilon
Fedhas
Hepliaklqana
Makhleb
Qazlal
Wu Jian
Yredelemnul
Zin

Annotations:
D:5 exclusion: downstairs
D:6 herbganker's ghost, novice MiBe


Innate Abilities, Weirdness & Mutations

You are resistant to torment.
Your stone body is resilient. (AC +6)
You are immune to poison.
You resist negative energy. (rN+)
You are resistant to electric shocks. (rElec)
You can survive without breathing.
You are immune to petrification.
You are immune to rotting.
Your life essence is reduced to manifest your ancestor. (-10% HP)


Message History

You hit herbganker's ghost but do no damage.
Herbganker's ghost is severely damaged.
St.
Anne hits herbganker's ghost.
Herbganker's ghost hits St.
Anne.
St.
Anne hits herbganker's ghost but does no damage.
You barely miss herbganker's ghost.
Herbganker's ghost is severely damaged.
Herbganker's ghost closely misses you.
St.
Anne hits herbganker's ghost.
Herbganker's ghost hits St.
Anne!
You barely miss herbganker's ghost.
Herbganker's ghost is severely damaged.
St.
Anne hits herbganker's ghost but does no damage.
Herbganker's ghost hits you but does no damage.
You closely miss herbganker's ghost.
Herbganker's ghost is severely damaged.
St.
Anne hits herbganker's ghost but does no damage.
Herbganker's ghost hits St.
Anne!
You hit herbganker's ghost but do no damage.
Herbganker's ghost is severely damaged.
St.
Anne hits herbganker's ghost.
Herbganker's ghost hits you!
You die...

########......#........
#.....##......#........
#.###.........##...#..#
#.# #....####.##...#...
#.# #....# #...##.....
#.# #....# #..........
#.# #....## #..........
#.# #...[.# #........#.
#.# #<@WR.###........#.
##.###.........##.....#.
#..............##.....#.
######........#.......#.
#........+.......#.
####.#...#.......#.
#.#...#.).....#.
#.#...#.......#
..#...##......#


You could see the friendly St. Anne the ancestor and herbganker's ghost.

Vanquished Creatures
  Pikel (D:5)
  An ice beast (D:5)
  2 phantoms (D:4)
  A necrophage (D:4)
  2 ogres (D:4)
  Blork the orc (D:5)
  3 scorpions
  3 quasits (D:5)
  A hound (D:4)
  2 orc priests (D:5)
  2 jellies
  3 orc wizards
  A centaur skeleton (D:5)
  An iguana (D:4)
  Ijyb (D:3)
  4 worker ants
  A hound zombie (D:5)
  Robin (D:3)
  7 adders
  A shadow imp (D:5)
  An ooze (D:1)
  An adder skeleton (D:6)
  3 worms
  A dart slug (D:1)
  A leopard gecko (D:3)
  14 orcs
  A ball python (D:2)
  8 giant cockroaches
  23 goblins
  10 hobgoblins
  10 jackals
  17 kobolds
  2 quokkas
  11 bats
  5 frilled lizards
  A leopard gecko zombie (D:5)
  8 rats
156 creatures vanquished.

Vanquished Creatures (collateral kills)
  Sigmund (D:5)
  A crimson imp (D:4)
  A centaur skeleton (D:5)
  A hound zombie (D:5)
  2 orcs (D:5)
6 creatures vanquished.

Vanquished Creatures (others)
  A howler monkey (D:5)
  2 ancestors (D:6)
3 creatures vanquished.

Grand Total: 165 creatures vanquished

Notes
Turn   | Place    | Note
-------+----------+-------------------------------------------
     0 | D:1      | xravenx the Gargoyle Earth Elementalist began the quest for the Orb.
     0 | D:1      | Reached XP level 1. HP: 10/10 MP: 3/3
   327 | D:1      | Reached skill level 4 in Earth Magic
   327 | D:1      | Reached XP level 2. HP: 15/15 MP: 5/5
   799 | D:1      | Reached XP level 3. HP: 19/19 MP: 6/6
  1830 | D:2      | Found an ornate altar of the Wu Jian Council.
  1996 | D:2      | Reached XP level 4. HP: 24/24 MP: 3/8
  2182 | D:2      | Reached skill level 5 in Earth Magic
  2542 | D:2      | Learned a level 2 spell: Passwall
  2546 | D:2      | Learned a level 3 spell: Stone Arrow
  2697 | D:3      | Found a stormy altar of Qazlal.
  2730 | D:3      | Reached XP level 5. HP: 28/28 MP: 6/10
  2939 | D:3      | Found a faded altar of an unknown god.
  2943 | D:3      | Noticed Ijyb
  2961 | D:3      | Killed Ijyb
  3199 | D:3      | Noticed Robin
  3229 | D:3      | Killed Robin
  3229 | D:3      | Reached skill level 6 in Earth Magic
  3456 | D:3      | Reached XP level 6. HP: 32/32 MP: 9/12
  3812 | D:4      | Found a white marble altar of Elyvilon.
  3926 | D:4      | Noticed a phantom
  3970 | D:4      | Killed a phantom
  4043 | D:4      | Noticed a phantom
  4182 | D:4      | Reached skill level 5 in Spellcasting
  4182 | D:4      | Reached skill level 7 in Earth Magic
  4182 | D:4      | Reached XP level 7. HP: 36/36 MP: 9/14
  4310 | D:4      | Reached skill level 8 in Earth Magic
  4702 | D:4      | Reached skill level 9 in Earth Magic
  4702 | D:4      | Reached XP level 8. HP: 41/41 MP: 12/15
  4711 | D:4      | Found a hazy altar of Hepliaklqana.
  4715 | D:4      | Became a worshipper of Hepliaklqana the Forgotten
  4787 | D:4      | Found a basalt altar of Yredelemnul.
  5078 | D:5      | Entered Level 5 of the Dungeon
  5237 | D:5      | Reached skill level 10 in Earth Magic
  5335 | D:5      | Noticed Pikel
  5717 | D:5      | Noticed Blork the orc
  5732 | D:5      | Killed Blork the orc
  6018 | D:5      | Reached skill level 11 in Earth Magic
  6075 | D:5      | Found a blossoming altar of Fedhas.
  6075 | D:5      | Found a glowing silver altar of Zin.
  6075 | D:5      | Found a burning altar of Makhleb.
  6465 | D:5      | Killed Pikel
  6465 | D:5      | Reached skill level 12 in Earth Magic
  6465 | D:5      | Reached XP level 9. HP: 35/40 MP: 4/16
  6492 | D:5      | Noticed Sigmund
  6530 | D:5      | Killed Sigmund
  6960 | D:5      | Learned a level 5 spell: Lee's Rapid Deconstruction
  7148 | D:6      | Learned a level 4 spell: Petrify
  7185 | D:6      | Noticed herbganker's ghost (novice MiBe)
  7649 | D:6      | Slain by herbganker's ghost

Vault maps used:
D:1:      kennysheep_arrival_seaside, palyth_stone_intersect
D:2:      nicolae_overflow_crystal_walls
D:3:      grunt_qazlal_clouds, chequers_ecumenical_altar_simple_redux,
          uniq_ijyb, uniq_robin
D:4:      kennysheep_ying_yang, marbit_many_paths
D:5:      cheibrodos_quashed, gammafunk_temple_overflow_claw, first_ration,
          uniq_blork_the_orc, uniq_pikel, uniq_sigmund
D:6:      grunt_gozag_breadcrumbs, slow_altar_1, minmay_misc_feat_four_crosses,
          uniq_menkaure

Skill      XL: |  1  2  3  4  5  6  7  8 |
---------------+-------------------------+-----
Earth Magic    | 4 5 6 7 9 12 | 12.8
Spellcasting   | 3 4 5 |  5.1
Fighting       | |  0.5
Armour         | |  0.4
Dodging        | |  1.5
Stealth        | |  2.1
Transmutations | |  0.7
Evocations     | |  0.6

Action                   |  1- 3 |  4- 6 |  7- 9 || total
-------------------------+-------+-------+-------++-------
Melee: Unarmed           |    11 |       |       ||    11
       Short sword       |   177 |   150 |   105 ||   432
       Staff             |       |       |    37 ||    37
Throw: Tomahawk          |       |    15 |     3 ||    18
 Cast: Sandblast         |    12 |    46 |    36 ||    94
       Stone Arrow       |       |       |    20 ||    20
       Lee's Rapid Decon |       |       |     4 ||     4
       Passwall          |       |       |     2 ||     2
Invok: Ancestor Identity |       |       |     3 ||     3
       Recall Ancestor   |       |       |     1 ||     1
Evoke: Wand              |       |       |     2 ||     2
  Use: Scroll            |     7 |     1 |     2 ||    10
 Stab: Sleeping          |     5 |     2 |       ||     7
       Distracted        |       |       |     1 ||     1
  Eat: Chunk             |     4 |     7 |     9 ||    20
       Ration            |       |       |     1 ||     1
Armor: Robe              |    79 |       |       ||    79
       Leather armour    |    18 |    12 |       ||    30
       Ring mail         |       |    79 |    93 ||   172
Dodge: Dodged            |   151 |    91 |    86 ||   328

Table legend:
 A = Spawn XP
 B = Non-spawn XP
 C = Spawn XP percentage of total XP
 D = Spawn monster count
 E = Non-spawn monster count
 F = Spawn count percentage of total count
 G = Total turns spent on level
                    A         B        C        D         E        F      G
               +---------+---------+-------+---------+---------+-------+---------
         Total |       0 |    3075 |   0.0 |       0 |     162 |   0.0 |  7649
               +---------+---------+-------+---------+---------+-------+---------
           D:1 |       0 |      62 |   0.0 |       0 |      32 |   0.0 |  1677
           D:2 |       0 |      65 |   0.0 |       0 |      25 |   0.0 |   882
           D:3 |       0 |     206 |   0.0 |       0 |      41 |   0.0 |  1203
           D:4 |       0 |    1076 |   0.0 |       0 |      32 |   0.0 |  1550
           D:5 |       0 |    1621 |   0.0 |       0 |      30 |   0.0 |  2183
           D:6 |       0 |      45 |   0.0 |       0 |       2 |   0.0 |   154
               +---------+---------+-------+---------+---------+-------+---------
